 Dungeon Crawl Stone Soup version 0.25-a0-55-g0753fd1ad2 (webtiles) character file.

Game seed: 7355613979721059817, levelgen mode: deterministic

777 Ruokin the Cudgeler (level 7, -5/44 HPs)
             Began as a Gargoyle Fighter on Oct 25, 2019.
             Was an Initiate of the Shining One.
             Slain by a gnoll
             ... wielding a +0 halberd
              (9 damage)
             ... on level 5 of the Dungeon.
             The game lasted 00:21:45 (3533 turns).

Ruokin the Cudgeler (Gargoyle Fighter)              Turns: 3533, Time: 00:21:46

Health: -5/44      AC: 15    Str: 21 (22) XL:     7   Next: 84%
Magic:  16/16      EV:  7    Int:  6 (8)  God:    the Shining One [......]
Gold:   252        SH: 10    Dex:  7 (9)  Spells: 6/6 levels left

rFire    x . .     SeeInvis .   d - +0 whip (freeze)
rCold    + + .     Gourm    .   c - +1 shield
rNeg     + . .     Faith    .   y - +0 ice dragon scales
rPois    ∞         Spirit   .   (helmet restricted)
rElec    +         Reflect  .   (no cloak)
rCorr    .         Harm     .   (no gloves)
MR       .....     Clarity  +   (no boots)
Stlth    ..........             t - amulet of magic regeneration
HPRegen  0.14/turn              A - ring of magical power
MPRegen  0.40/turn              (no ring)

@: hasted, glowing, very quick
A: antennae 1, clarity, negative energy resistance 1, electricity resistance,
unbreathing, petrification resistance, rot immunity, AC +4
a: Renounce Religion


You were on level 5 of the Dungeon.
You worshipped the Shining One.
The Shining One was noncommittal.
You were not hungry.

You visited 2 branches of the dungeon, and saw 6 of its levels.

You collected 252 gold pieces.

Inventory:

Hand Weapons
 a - a +0 flail
 d - a +0 whip of freezing (weapon)
Missiles
 l - 83 stones (quivered)
Armour
 b - a +0 scale mail
 c - a +1 shield (worn)
 y - +0 ice dragon scales (worn)
Jewellery
 t - an amulet of magic regeneration (around neck)
 A - a ring of magical power (left hand)
Wands
 i - a wand of paralysis (2)
Scrolls
 e - a scroll of random uselessness
 m - a scroll of enchant weapon {unknown}
 n - 2 scrolls of enchant armour
 o - 6 scrolls of remove curse
 p - a scroll of amnesia
 q - 4 scrolls of identify
 r - 2 scrolls of teleportation
Potions
 g - 2 potions of cancellation
 k - a potion of curing
 s - a potion of lignification {unknown}
 u - a potion of invisibility {unknown}
 w - a potion of mutation
Comestibles
 f - 3 rations


   Skills:
 * Level 5.0 Fighting
 * Level 6.4 Maces & Flails
 + Level 4.7 Armour
 + Level 4.9 Shields


You had 6 spell levels left.
You didn't know any spells.
Your spell library was empty.

Dungeon Overview and Level Annotations

Branches:
Dungeon (5/15)             Temple (1/1) D:4

Altars:
Ashenzari
Cheibriados
Dithmenos
Elyvilon
Fedhas
Gozag
Hepliaklqana
Kikubaaqudgha
Makhleb
Nemelex Xobeh
Okawaru
Qazlal
Ru
Sif Muna
Trog
Uskayaw
Vehumet
Wu Jian
Xom
Yredelemnul
The Shining One


Innate Abilities, Weirdness & Mutations

You are resistant to torment.
Your stone body is resilient. (AC +4)
You are immune to poison.
You resist negative energy. (rN+)
You are resistant to electric shocks. (rElec)
You can survive without breathing.
You are immune to petrification.
You are immune to rotting.
You have a pair of small antennae on your head.
You possess an exceptional clarity of mind.


Message History

You block the centaur's attack.
You hit the centaur. You freeze the centaur.
The centaur is severely wounded.
The gnoll hits you from afar with a +0 halberd.
* * * LOW HITPOINT WARNING * * *
You block the centaur's attack.
You hit the centaur but do no damage.
The centaur is severely wounded.
The centaur hits you but does no damage.
You hit the centaur but do no damage.
The centaur is severely wounded.
You block the gnoll's attack.
You hit the centaur. You freeze the centaur.
The centaur is severely wounded.
The centaur hits you but does no damage.
You hit the centaur but do no damage.
The centaur is severely wounded.
The centaur closely misses you.
The gnoll hits you from afar with a +0 halberd!
You die...

#.'.....#
#)#.....#
###(#.....#
#<#(###+###
#.#g# #.#h#
#.#g# #)#(#
#)@c# #.###
###


You could see a centaur, 2 gnolls and a jackal.

Vanquished Creatures
  Pikel (D:4)
  A scorpion (D:4)
  An orc priest (D:4)
  A gnoll shaman (D:5)
  A worker ant (D:4)
  Natasha (D:3)
  An orc wizard (D:5)
  4 adders
  3 gnolls (D:5)
  An ooze (D:4)
  An adder zombie (D:2)
  A worm (D:4)
  3 leopard geckos
  13 orcs
  4 bats
  3 giant cockroaches
  9 hobgoblins
  A jackal (D:5)
  7 kobolds
  2 quokkas
  A frilled lizard (D:2)
  4 goblins
  A leopard gecko skeleton (D:5)
  A leopard gecko zombie (D:5)
  3 rats
69 creatures vanquished.

Notes
Turn   | Place    | Note
-------+----------+-------------------------------------------
     0 | D:1      | Ruokin the Gargoyle Fighter began the quest for the Orb.
     0 | D:1      | Reached XP level 1. HP: 14/14 MP: 1/1
   239 | D:1      | Reached XP level 2. HP: 19/19 MP: 2/2
   911 | D:2      | Reached XP level 3. HP: 20/24 MP: 3/3
  1247 | D:2      | Reached skill level 3 in Maces & Flails
  1247 | D:2      | Reached XP level 4. HP: 29/29 MP: 4/4
  1306 | D:2      | Found a faded altar of an unknown god.
  1518 | D:3      | Found a glowing golden altar of the Shining One.
  1518 | D:3      | Found a hide-covered altar of Uskayaw.
  1518 | D:3      | Found a burning altar of Makhleb.
  1518 | D:3      | Found a basalt altar of Yredelemnul.
  1518 | D:3      | Found a shimmering altar of Xom.
  1560 | D:3      | Found a snail-covered altar of Cheibriados.
  1588 | D:3      | Became a worshipper of the Shining One
  1967 | D:3      | Found a bloodstained altar of Trog.
  2001 | D:3      | Noticed Natasha
  2008 | D:3      | Killed Natasha
  2172 | D:4      | Reached XP level 5. HP: 33/33 MP: 5/5
  2218 | D:4      | Reached skill level 4 in Maces & Flails
  2378 | D:4      | Reached XP level 6. HP: 29/39 MP: 6/6
  2502 | D:4      | Noticed a slave
  2502 | D:4      | Noticed a slave
  2503 | D:4      | Noticed Pikel
  2504 | D:4      | Noticed a slave
  2504 | D:4      | Noticed a slave
  2552 | D:4      | Killed Pikel
  2552 | D:4      | Reached skill level 5 in Fighting
  2552 | D:4      | Reached skill level 6 in Maces & Flails
  2552 | D:4      | Reached XP level 7. HP: 16/44 MP: 7/7
  2781 | D:4      | Found a runed translucent door.
  2781 | D:4      | Noticed a human
  2785 | D:4      | Found a basalt altar of Yredelemnul.
  2999 | D:4      | Found a staircase to the Ecumenical Temple.
  3009 | Temple   | Entered the Ecumenical Temple
  3354 | D:5      | Entered Level 5 of the Dungeon
  3522 | D:5      | Gained mutation: You possess an exceptional clarity of
                  | mind. [potion of mutation]
  3522 | D:5      | Gained mutation: You are frail. (-10% HP) [potion of
                  | mutation]
  3522 | D:5      | Gained mutation: You have a pair of small antennae on your
                  | head. [potion of mutation]
  3522 | D:5      | Lost mutation: You are frail. (-10% HP) [potion of
                  | mutation]
  3533 | D:5      | Slain by a gnoll

Levels and vault maps discovered:
D:1:      minmay_arrival_semitransparent, layout_loops_ring, serial_glass,
          glass_columns_c, glass_columns_b, hex_tiny
D:2:      layout_rooms, chequers_ecumenical_altar_simple_redux
D:3:      layout_basic, grunt_temple_overflow_open, trog_book, uniq_natasha
D:4:      layout_loops_cross, minmay_temple_entry_drinking_statues,
          dk_yredelemnul_ordeal, uniq_pikel
D:5:      layout_basic, first_ration
Temple:   regret_index_temple_generic_petals

Table legend:
 A = Non-vault XP
 B = Vault XP
 C = Vault XP percentage of total XP
 D = Non-vault monster count
 E = Vault monster count
 F = Vault count percentage of total count
                 A         B        C        D         E       F
            +---------+---------+-------+---------+---------+-------
      Total |     435 |     676 |  60.8 |      67 |       2 |   2.9
            +---------+---------+-------+---------+---------+-------
        D:1 |      29 |       0 |   0.0 |      16 |       0 |   0.0
        D:2 |      70 |       0 |   0.0 |      18 |       0 |   0.0
        D:3 |      25 |      35 |  58.3 |      11 |       1 |   8.3
        D:4 |     181 |     641 |  78.0 |      10 |       1 |   9.1
        D:5 |     130 |       0 |   0.0 |      12 |       0 |   0.0
            +---------+---------+-------+---------+---------+-------
